 Dungeon Crawl Stone Soup version 0.31-a0-846-gb3bcc0d938 (webtiles) character file.

Game seed: 7236642129316209848

8667 javelincjr the Mimic (level 11, -32/107 HPs)
             Began as a Troll Shapeshifter on Oct 3, 2023.
             Was a Priest of Qazlal.
             Killed by an exploding wolf (49 damage)
             ... ignited by their inner flame
             ... in a bailey.
             The game lasted 00:33:34 (7899 turns).

javelincjr the Mimic (Troll Shapeshifter)           Turns: 7899, Time: 00:33:34

Health: -32/107    AC: 10    Str: 28    XL:     11   Next: 12%
Magic:  12/12      EV: 16    Int:  6    God:    Qazlal [***...]
Gold:   366        SH:  3    Dex:  9    Spells: 12/12 levels left

rFire   . . .        B - melded +8 quarterstaff of the Spectre {flame, Dex+4}
rCold   . . .        (shield currently unavailable)
rNeg    . . .        C - +0 steam dragon scales
rPois   .            (helmet restricted)
rElec   .            A - +2 cloak
rCorr   .            (gloves unavailable)
SInv    .            (boots unavailable)
Will    .....        u - amulet of the acrobat
Stlth   +            l - +5 ring of evasion
HPRegen 1.17/turn    (no ring)
MPRegen 0.13/turn

%: acrobat
@: flux-form, weakened, glowing
A: glow, contaminating, large, unfitting armour, claws 3, regeneration 1, shaggy
fur 1, tough skin 1
a: Begin Untransformation, Renounce Religion, Upheaval, Elemental Force


You were in a bailey.
You worshipped Qazlal.
Qazlal was most pleased with you.
You were something dangerously unstable.
You visited 2 branches of the dungeon, and saw 11 of its levels.
You also visited: Bailey.

You collected 600 gold pieces.
You spent 234 gold pieces at shops.

Inventory:

Hand Weapons
 j - a +2 dagger of venom
 B - the +8 quarterstaff of the Spectre (melded) {flame, Dex+4}
   (You found it on level 4 of the Dungeon)

   Dex+4:     It affects your dexterity (+4).
 F - a +3 spear
 G - a +6 war axe
 J - a +0 spear of distortion
 Q - the +3 war axe of Disintegration {flame, rC- Str+2 Int+3}
   (You found it on level 8 of the Dungeon)

   Str+2:     It affects your strength (+2).
   Int+3:     It affects your intelligence (+3).
   rC-:       It makes you vulnerable to cold.
Missiles
 e - 12 throwing nets
 h - 19 poisoned darts (quivered)
 s - 55 stones
 y - 4 curare-tipped darts
 z - 10 boomerangs
Armour
 a - a +0 animal skin
 i - a +3 kite shield
 r - a +0 robe of willpower
 A - a +2 cloak (worn)
 C - +0 steam dragon scales (worn)
 E - a scarf of repulsion
Jewellery
 l - a +5 ring of evasion (left claw)
 u - an amulet of the acrobat (around neck)
 O - a ring of resist corrosion
 S - a ring of ice
Talismans
 c - a beast talisman
 d - a flux talisman (active)
Wands
 t - a wand of flame (27)
 I - a wand of charming (13)
 K - a wand of roots (9)
 L - a wand of polymorph (11)
 M - a wand of digging (6)
 N - a wand of quicksilver (6)
Scrolls
 g - 3 scrolls of blinking
 m - 4 scrolls of teleportation
 o - 3 scrolls of fear
 v - a scroll of immolation
 P - a scroll of enchant weapon
Potions
 b - a potion of lignification
 f - a potion of heal wounds
 k - 2 potions of ambrosia
 n - 5 potions of curing
 p - 2 potions of brilliance
 q - 3 potions of enlightenment
 w - a potion of haste {unknown}
 x - 2 potions of invisibility {unknown}
 D - 2 potions of might
 H - 2 potions of cancellation


   Skills:
 * Level 6.5 Fighting
 - Level 3.6 Staves
 + Level 5.9 Dodging
 + Level 3.0 Shields
 + Level 7.5 Unarmed Combat
 + Level 1.4 Spellcasting
 + Level 2.9 Invocations
 * Level 9.4 Shapeshifting


You had 12 spell levels left.
You didn't know any spells.
Your spell library contained the following spells:

 Spells                   Type           Power      Damage    Failure   Level
 Poisonous Vapours        Pois/Air       0%         N/A       54%         2
 Sublimation of Blood     Necr           0%         N/A       54%         2
 Inner Flame              Hex/Fire       0%         N/A       78%         3
 Mephitic Cloud           Conj/Pois/Air  0%         N/A       78%         3
 Ozocubu's Armour         Ice            0%         N/A       78%         3
 Summon Guardian Golem    Hex/Summ       0%         N/A       78%         3
 Flame Wave               Conj/Fire      0%         2d4       99%         4
 Petrify                  Tmut/Erth      0%         N/A       99%         4
 Sticky Flame             Conj/Fire      0%         2d3       99%         4
 Vhi's Electric Charge    Tloc/Air       0%         N/A       99%         4
 Alistair's Intoxication  Tmut/Pois      0%         N/A       100%        5
 Arcjolt                  Conj/Air       0%         1d10      100%        5
 Borgnjor's Vile Clutch   Necr/Erth      0%         N/A       100%        5
 Freezing Cloud           Conj/Ice/Air   0%         6-21      100%        5
 Irradiate                Conj/Tmut      0%         3d11      100%        5
 Metabolic Englaciation   Hex/Ice        0%         N/A       100%        5
 Eringya's Noxious Bog    Tmut/Pois      0%         4d6       100%        6
 Simulacrum               Ice/Necr       0%         N/A       100%        6
 Orb of Destruction       Conj           0%         9d5       100%        7
 Ozocubu's Refrigeration  Ice            0%         4d7       100%        7
 Spellforged Servitor     Conj/Summ      0%         N/A       100%        7
 Maxwell's Capacitive Co  Air            0%         ∞         100%        8


Dungeon Overview and Level Annotations

Branches:
Dungeon (10/15)            Temple (1/1) D:6            Lair (0/5) D:10
    Orc (0/2) D:9          Bailey (1/1)

Altars:
Ashenzari
Cheibriados
Dithmenos
Elyvilon
Fedhas
Gozag
Hepliaklqana
Kikubaaqudgha
Makhleb
Nemelex Xobeh
Okawaru
Qazlal
Ru
Sif Muna
Trog
Uskayaw
Vehumet
Wu Jian
Xom
Yredelemnul
Zin
The Shining One

Shops:
D:5 ![   D:6 ?   D:8 *


Innate Abilities, Weirdness & Mutations

You are something dangerously unstable.
You glow with magical radiation, making you easy to see and hit.
Foes you strike become dangerously contaminated with magical radiation.
You are incapable of wielding weapons or throwing items.
You are too large for most types of armour.
You have claws for hands.
Your natural rate of healing is unusually fast.
You are covered in fur. (AC +1)
You have tough skin. (AC +1)


Message History

Okay, then.
Aiming: Charm
Press: ? - help, Q - select action, (/) - cycle Shift-Dir - straight line, f - wolf
Aim: a wolf (chance to affect: 49%)
Okay, then.
Read: 2 scrolls of immolation
Press: ? - help, Q - select action, (/) - cycle Dir - look around, f - activate
As you read the scroll of immolation, it crumbles to dust.
The creatures around you are filled with an inner flame!
The gnoll sergeant is no longer moving quickly.
The wolf bites you but does no damage. You block the wolf's attack.
The gnoll sergeant closely misses you. The wolf bites you!
You barely miss the wolf.
The wolf is almost dead.
The gnoll sergeant is no longer moving quickly.
The gnoll is no longer moving quickly.
The wolf barely misses you.
The gnoll bouda gazes fiercely through you!
You feel your attacks grow feeble. The wolf misses you.
The wolf closely misses you.
The gnoll bouda barks out a call to the hunt!
The gnolls pick up the pace!
The gnoll sergeant closely misses you.
You scratch the wolf.
Flame seeps out of the wolf.
The wolf glows dangerously bright.
The wolf is almost dead.
The wolf bites you but does no damage.
The wolf is engulfed in blazing flames.
Qazlal accepts your kill.
The wolf explodes!
The fiery explosion engulfs the gnoll sergeant!!
Flame seeps out of the gnoll sergeant.
The gnoll sergeant is severely wounded.
The fiery explosion engulfs the wolf!!!
Qazlal accepts your kill. The fiery explosion engulfs you!!
* * * LOW HITPOINT WARNING * * *
The wolf explodes!
The fiery explosion engulfs the gnoll sergeant!!
Qazlal accepts your kill. The fiery explosion engulfs you!!!
You die...

♣≈ ##.....## ≈♣
♣≈#.. #.......# ≈♣
#.. #...8...#+###
#...#....)..#...#
#.g.##...).##...#
#....##...##....#
#8...g##'##)§..8# ♣
#....g#..g#○.○..#≈♣
#...g'g.g§§p..##≈♣
##...#g.h#§§.##.≈♣
#####...#####..≈♣
...............≈♣
..............≈≈♣
≈≈≈≈≈≈≈≈≈≈≈≈≈≈≈≈♣♣
♣♣♣♣♣♣♣♣♣♣♣♣♣♣♣♣♣


You could see a gnoll sergeant (inner flame, swift), a wolf (inner flame), 2
gnoll boudas and 3 gnolls.

Vanquished Creatures
  A two-headed ogre (D:10)
  2 kobold demonologists (D:10)
  A troll (D:10)
  Prince Ribbit (D:7)
  A shadow (D:9)
  A wraith (D:9)
  Grum (D:9)
  A wyvern (D:8)
  11 yaks
  2 steam dragons
  3 vampire mosquitoes (D:10)
  2 water moccasins
  An ice beast (D:5)
  3 ogres
  3 centaurs
  6 wolves
  A phantom (D:6)
  A kobold brigand (D:8)
  3 gnoll sergeants (Bailey)
  4 bullfrogs
  7 scorpions
  10 wights (D:6)
  8 killer bees
  4 howler monkeys
  3 electric eels
  4 jellies
  3 gnoll boudas (Bailey)
  7 hounds
  4 orc priests
  6 iguanas
  2 sleepcaps
  6 orc wizards
  7 adders
  16 gnolls
  A shadow imp (D:7)
  A white imp (D:5)
  3 ufetubi
  2 worms (D:3)
  29 orcs
  2 ball pythons
  6 bats
  12 endoplasms
  4 giant cockroaches
  9 goblins
  6 hobgoblins
  10 jackals
  4 quokkas
  2 frilled lizards
  8 kobolds
  5 rats
240 creatures vanquished.

Notes
Turn   | Place    | Note
-------+----------+-------------------------------------------
     0 | D:1      | javelincjr the Troll Shapeshifter began the quest for the
                  | Orb.
     0 | D:1      | Reached XP level 1. HP: 18/18 MP: 0/0
    22 | D:1      | Reached skill level 1 in Fighting
    30 | D:1      | Reached XP level 2. HP: 27/27 MP: 1/1
   344 | D:1      | Reached XP level 3. HP: 22/33 MP: 2/2
   882 | D:2      | Reached XP level 4. HP: 37/41 MP: 3/3
  1336 | D:3      | Found a shadowy altar of Dithmenos.
  1636 | D:3      | Noticed an ogre
  1646 | D:3      | Killed an ogre
  1647 | D:3      | Reached skill level 4 in Shapeshifting
  1647 | D:3      | Reached XP level 5. HP: 21/49 MP: 4/4
  2313 | D:4      | Reached XP level 6. HP: 52/57 MP: 5/5
  2634 | D:4      | Found an ornate altar of the Wu Jian Council.
  2717 | D:4      | Reached skill level 5 in Shapeshifting
  2717 | D:4      | Identified the +8 quarterstaff of the Spectre {flame,
                  | Dex+4}
  2784 | D:4      | Found a sparkling altar of Nemelex Xobeh.
  2988 | D:4      | Found a broken altar of Ashenzari.
  3027 | D:5      | Entered Level 5 of the Dungeon
  3027 | D:5      | Noticed an ice beast
  3031 | D:5      | Reached XP level 7. HP: 66/66 MP: 6/6
  3073 | D:5      | Found Kiysmeuv's Distillery.
  3079 | D:5      | Bought a potion of degeneration for 11 gold pieces
  3079 | D:5      | Bought a potion of might for 44 gold pieces
  3079 | D:5      | Bought a potion of curing for 33 gold pieces
  3150 | D:5      | Found a glowing golden altar of the Shining One.
  3186 | D:5      | Found Addiomp's Armour Shop.
  3205 | D:5      | Bought a +0 kite shield for 49 gold pieces
  3213 | D:5      | Reached skill level 1 in Staves
  3988 | D:6      | Reached skill level 5 in Unarmed Combat
  3988 | D:6      | Reached skill level 6 in Shapeshifting
  3988 | D:6      | Reached XP level 8. HP: 73/75 MP: 7/7
  4244 | D:6      | Found Yruorph's Magic Scroll Emporium.
  4252 | D:6      | Bought a scroll of blinking for 97 gold pieces
  4570 | D:6      | Reached skill level 7 in Shapeshifting
  4906 | D:6      | Reached XP level 9. HP: 72/84 MP: 8/8
  5024 | D:6      | Found a staircase to the Ecumenical Temple.
  5034 | Temple   | Entered the Ecumenical Temple
  5045 | Temple   | Became a worshipper of Qazlal Stormbringer
  5752 | D:7      | Found a white marble altar of Elyvilon.
  5755 | D:7      | Noticed Prince Ribbit
  5779 | D:7      | Killed Prince Ribbit
  5780 | D:7      | Reached skill level 8 in Shapeshifting
  5891 | D:7      | Reached skill level 5 in Dodging
  6076 | D:8      | Reached * piety under Qazlal
  6233 | D:8      | Found Byuck's Neck Hole.
  6244 | D:8      | Reached skill level 5 in Fighting
  6261 | D:8      | Reached skill level 1 in Shields
  6261 | D:8      | Reached skill level 1 in Invocations
  6261 | D:8      | Reached XP level 10. HP: 85/96 MP: 9/9
  6350 | D:8      | Identified the +3 war axe of Disintegration {flame, rC-
                  | Str+2 Int+3}
  6790 | D:9      | Reached ** piety under Qazlal
  6799 | D:9      | Reached skill level 9 in Shapeshifting
  6893 | D:9      | Found a hide-covered altar of Uskayaw.
  7035 | D:9      | Found a staircase to the Orcish Mines.
  7131 | D:9      | Noticed Grum
  7145 | D:9      | Killed Grum
  7219 | D:10     | Entered Level 10 of the Dungeon
  7312 | D:10     | Found a staircase to the Lair.
  7323 | D:10     | Reached skill level 1 in Spellcasting
  7370 | D:10     | Noticed a two-headed ogre
  7379 | D:10     | Killed a two-headed ogre
  7422 | D:10     | Reached XP level 11. HP: 97/106 MP: 12/12
  7629 | D:10     | Found a flagged portal.
  7655 | Bailey   | Entered a bailey
  7852 | Bailey   | Reached *** piety under Qazlal
  7899 | Bailey   | Killed by an exploding wolf... ignited by their inner flame

Illustrated notes

Levels and vault maps discovered:
D:1:      dpeg_arrival_tiny_a, layout_basic
D:2:      kennysheep_six_static_rooms, layout_basic
D:3:      layout_loops_corners, grunt_dithmenos_smoke
D:4:      minmay_evil_eye, layout_cave_pools, nemelex_dance_club_becter,
          nzn_wu_jian_council_hall, kennysheep_little_box,
          nicolae_concentric_dashed_squares_wild, minivault_24,
          minmay_misc_feat_five
D:5:      layout_basic, lemuel_crystal_altar, serial_shops, nicolae_shop_trees,
          kennysheep_small_circle
D:6:      layout_loops_corners, lemuel_temple_firewalk_b, serial_shops,
          nicolae_stop_n_shop_1, serial_bayou_pond_c, kennysheep_cross_room,
          nicolae_lava_and_water
D:7:      layout_basic, mainiacjoe_overflow_paths, kennysheep_pointless_box,
          uniq_prince_ribbit1
D:8:      layout_rooms, nicolae_shop_sticking_my_neck_out
D:9:      layout_rooms, nicolae_uskayaw_dance_hall, orc_0_dummy,
          serial_bayou_pond_b, uniq_grum
D:10:     layout_stronghold, lair_entry_dummy, enter_bailey_7, uniq_erolcha
Temple:   minmay_freezing_vapour_temple
Bailey:   bailey_polearm_gnolls_kennysheep, bailey

Skill      XL: |  1  2  3  4  5  6  7  8  9 10 11 |
---------------+----------------------------------+-----
Fighting       | 1 2 3 4 5 6 |  6.5
Dodging        | 2 3 4 5 |  5.9
Shapeshifting  | 4 5 6 7 8 9 |  9.4
Unarmed Combat | 4 5 6 7 |  7.5
Staves         | 1 2 3 |  3.6
Shields        | 1 2 3 |  3.0
Invocations    | 1 2 |  2.9
Spellcasting   | 1 |  1.4

Action                     |  1- 3 |  4- 6 |  7- 9 | 10-12 || total
---------------------------+-------+-------+-------+-------++-------
  Melee: Unarmed           |    47 |       |   158 |   247 ||   452
         Dagger            |    45 |   120 |       |       ||   165
         Punch             |     1 |     4 |       |       ||     5
         Quarterstaff      |       |    10 |   100 |       ||   110
         Spear             |       |       |     2 |       ||     2
  Throw: Dart              |       |     5 |    19 |       ||    24
    Use: Scroll            |       |       |    10 |     9 ||    19
   Stab: Sleeping          |       |     1 |     1 |       ||     2
 Armour: Animal skin       |    61 |    47 |   138 |       ||   246
         Robe              |       |       |       |    49 ||    49
         Steam dragon scal |       |       |       |    81 ||    81
  Dodge: Dodged            |    50 |    83 |   179 |   250 ||   562
  Block: Other             |       |       |     3 |    33 ||    36
   Form: Flux              |       |       |     1 |       ||     1

Table legend: (Time is in decaauts)
 A = Elapsed time spent in this place.
 B = Non-inter-level travel time spent in this place.
 C = Inter-level travel time spent in this place.
 D = Time resting spent in this place.
 E = Time spent auto-exploring this place.
 F = Levels seen in this place.
 G = Mean time per level.
                   A        B        C        D        E       F      G
               +--------+--------+--------+--------+--------+-----+--------+
         Total |   7867 |   7640 |    227 |     74 |   5464 |  12 |  655.6 |
       Dungeon |   7615 |   7388 |    227 |     74 |   5361 |  10 |  761.5 |
        Temple |     16 |     16 |      0 |      0 |      0 |   1 |   16.0 |
        Bailey |    235 |    235 |      0 |      0 |    103 |   1 |  235.0 |
               +--------+--------+--------+--------+--------+-----+--------+

Top non-repeatable levels by time:
     D:6: 1178 daAuts
     D:3: 939 daAuts
     D:7: 920 daAuts
     D:5: 915 daAuts
     D:2: 903 daAuts
     D:4: 760 daAuts
     D:9: 633 daAuts
     D:8: 505 daAuts
    D:10: 430 daAuts
     D:1: 428 daAuts
  Bailey: 235 daAuts
  Temple: 16 daAuts
